[Event "FIDE WSTC Open 65 2025"]
[Site "Prague"]
[Date "2025.02.19"]
[Round "3.10"]
[White "Nemeth, Zoltan"]
[Black "Ortega, Lexy"]
[Result "1/2-1/2"]
[Annotator "RC"]
[ECO "A34"]
[WhiteElo "2192"]
[BlackElo "2348"]
[PlyCount "87"]
[EventDate "2025.02.17"]
[EventType "team-tourn"]
[EventCountry "CZE"]
[SourceTitle "playchess.com"]
[Source "ChessBase"]
[SourceQuality "1"]
[TimeControl "40/5400+30:1800+30"]

1. Nf3 c5 2. c4 Nc6 3. e3 e5 4. Nc3 Nf6 5. d4 cxd4 6. exd4 e4 7. d5 exf3 8. dxc6 Qe7+ 9. Be3 dxc6 10. gxf3 Bf5 11. Qd4 Qd6 12. O-O-O Qxd4 13. Bxd4 Be7 14. Bd3 Bxd3 15. Rxd3 O-O-O 16. Rhd1 b6 17. Bxf6 Bxf6 18. Ne4 Rxd3 19. Rxd3 Be7 20. Nd6+ Kc7 21. Nxf7 Rf8 22. Ne5 Bd6 23. Re3 Rf5 24. Nd3 Rh5 25. b4 Kd7 26. Kd1 Rxh2 27. c5 bxc5 28. Nxc5+ Bxc5 29. bxc5 Rxf2 30. Ra3 Ke6 31. Rxa7 Rxf3 32. Rxg7 Rf7 33. Rg2 Rf5 34. Rc2 h5 35. a4 Kd5 36. Kc1 h4 37. a5 h3 38. a6 Rf7 39. Rh2 Kxc5 40. Rxh3 Kb6 41. Ra3 Ra7 42. Kb2 Rxa6 43. Rxa6+ Kxa6 44. Kc3 1/2-1/2

[Event "FIDE WSTC Open 65 2025"]
[Site "Prague"]
[Date "2025.02.19"]
[Round "3.11"]
[White "Sibilio, Mario"]
[Black "Hardicsay, Peter"]
[Result "1-0"]
[Annotator "RC"]
[ECO "D43"]
[WhiteElo "2229"]
[BlackElo "2164"]
[PlyCount "84"]
[EventDate "2025.02.17"]
[EventType "team-tourn"]
[EventCountry "CZE"]
[SourceTitle "playchess.com"]
[Source "ChessBase"]
[SourceQuality "1"]
[TimeControl "40/5400+30:1800+30"]

1. d4 d5 2. c4 e6 3. Nf3 Nf6 4. Bg5 c6 5. Qb3 Nbd7 6. Nc3 Be7 7. g3 b6 8. cxd5 exd5 9. Bg2 O-O 10. O-O Bb7 11. Rad1 Ne4 12. Bf4 Nxc3 13. bxc3 Ba6 14. Rfe1 Bc4 15. Qc2 f5 16. Nd2 Ba6 17. Qa4 Bb7 18. c4 Nf6 19. Be5 Ng4 20. cxd5 cxd5 21. Nf3 a6 22. h3 Nf6 23. Bxf6 Bxf6 24. Ne5 b5 25. Qb3 Qd6 26. f4 Rac8 27. Rc1 g6 28. e3 Kg7 29. h4 Rfd8 30. Qb2 Kg8 31. Rxc8 Rxc8 32. Rc1 Rxc1+ 33. Qxc1 Be7 34. Nd3 Kf7 35. h5 Kg7 36. hxg6 hxg6 37. Bf1 Qc6 38. Qb2 Qc7 39. Be2 Bc8 40. Bf3 Be6 41. Nc5 Bf7 42. Qc3 Qc6 1-0

[Event "FIDE WSTC Open 65 2025"]
[Site "Prague"]
[Date "2025.02.19"]
[Round "3.12"]
[White "Glatt, Gabor"]
[Black "Cocozza, Mario"]
[Result "1/2-1/2"]
[Annotator "ChessBase"]
[ECO "B17"]
[WhiteElo "2146"]
[BlackElo "2154"]
[PlyCount "61"]
[EventDate "2025.02.17"]
[EventType "team-tourn"]
[EventCountry "CZE"]
[SourceTitle "playchess.com"]
[Source "ChessBase"]
[SourceQuality "1"]
[TimeControl "40/5400+30:1800+30"]

1. e4 c6 2. d4 d5 3. Nc3 dxe4 4. Nxe4 Nd7 5. Bc4 Ngf6 6. Nxf6+ Nxf6 7. c3 Qc7 8. Qf3 Bg4 9. Qg3 Qxg3 10. hxg3 g6 11. Nf3 Bxf3 12. gxf3 Bg7 13. Bg5 h6 14. Bd2 e6 15. Rd1 a6 16. Kf1 Rc8 17. Bb3 h5 18. Kg2 O-O 19. Rhe1 Rfe8 20. Re2 Nd5 21. Bg5 Bf6 22. Bxd5 Bxg5 23. Be4 Red8 24. f4 Bf6 25. Red2 Rd6 26. Rd3 Rcd8 27. Kf3 Kf8 28. Ke3 Ke7 29. c4 a5 30. b3 b6 31. Bg2 1/2-1/2

[Event "FIDE WSTC Open 65 2025"]
[Site "Prague"]
[Date "2025.02.19"]
[Round "3.13"]
[White "Yrjola, Jouni"]
[Black "Hugentobler, Patrick"]
[Result "1/2-1/2"]
[Annotator "RC"]
[ECO "D36"]
[WhiteElo "2287"]
[BlackElo "2242"]
[PlyCount "41"]
[EventDate "2025.02.17"]
[EventType "team-tourn"]
[EventCountry "CZE"]
[SourceTitle "playchess.com"]
[Source "ChessBase"]
[SourceQuality "1"]
[TimeControl "40/5400+30:1800+30"]

1. d4 d5 2. c4 e6 3. Nc3 Nf6 4. cxd5 exd5 5. Bg5 c6 6. e3 h6 7. Bh4 Be7 8. Bd3 Nbd7 9. Nge2 Nh5 10. Bxe7 Qxe7 11. Qc2 Nb6 12. O-O-O Be6 13. Kb1 O-O-O 14. Na4 Nxa4 15. Qxa4 Kb8 16. h3 Nf6 17. Nc3 Ne4 18. Qc2 Bf5 19. Na4 Qf6 20. Nc5 Rhe8 21. Rhe1 1/2-1/2

[Event "FIDE WSTC Open 65 2025"]
[Site "Prague"]
[Date "2025.02.19"]
[Round "3.14"]
[White "Huss, Andreas"]
[Black "Binham, Timothy F."]
[Result "1/2-1/2"]
[Annotator "RC"]
[ECO "D21"]
[WhiteElo "2202"]
[BlackElo "2250"]
[PlyCount "25"]
[EventDate "2025.02.17"]
[EventType "team-tourn"]
[EventCountry "CZE"]
[SourceTitle "playchess.com"]
[Source "ChessBase"]
[SourceQuality "1"]
[TimeControl "40/5400+30:1800+30"]

1. d4 d5 2. c4 dxc4 3. Nf3 c5 4. e3 cxd4 5. Bxc4 Qc7 6. Bb5+ Bd7 7. Bxd7+ Nxd7 8. Nxd4 Ngf6 9. Nc3 e5 10. Nf5 g6 11. Ng3 Bg7 12. O-O O-O 13. e4 1/2-1/2

[Event "FIDE WSTC Open 65 2025"]
[Site "Prague"]
[Date "2025.02.19"]
[Round "3.15"]
[White "Henttinen, Markku I.O."]
[Black "Vucenovic, Dragomir"]
[Result "1/2-1/2"]
[Annotator "ChessBase"]
[ECO "D94"]
[WhiteElo "2223"]
[BlackElo "2128"]
[PlyCount "103"]
[EventDate "2025.02.17"]
[EventType "team-tourn"]
[EventCountry "CZE"]
[SourceTitle "playchess.com"]
[Source "ChessBase"]
[SourceQuality "1"]
[TimeControl "40/5400+30:1800+30"]

1. d4 d5 2. c4 c6 3. Nf3 Nf6 4. Nc3 a6 5. e3 g6 6. Be2 Bg7 7. O-O O-O 8. h3 Re8 9. Qb3 e6 10. Rd1 Nbd7 11. Bd2 b6 12. Rac1 Bb7 13. c5 b5 14. a4 Qc7 15. axb5 axb5 16. Na2 Reb8 17. Nb4 Bc8 18. Ra1 Qb7 19. Rdc1 Rxa1 20. Rxa1 Ra8 21. Ra3 Ne8 22. Qa2 Rxa3 23. Qxa3 Bf6 24. Qa5 Nc7 25. Bc3 Be7 26. Nd2 f6 27. f3 Na6 28. Nd3 Qc7 29. Qa1 e5 30. b4 exd4 31. Bxd4 Qd8 32. f4 Nc7 33. Bg4 f5 34. Bf3 Ne6 35. Bc3 Bf6 36. Bxf6 Nxf6 37. Qa8 Bd7 38. Qa7 Ne4 39. Nb3 Be8 40. Ne5 d4 41. Bxe4 fxe4 42. Qa1 dxe3 43. Ng4 Qh4 44. Qf6 Qxf6 45. Nxf6+ Kf7 46. Nxe8 Kxe8 47. g3 Nc7 48. Nd4 Kd7 49. Kf1 Nd5 50. Nc2 h5 51. Ke2 Ke7 52. Nd4 1/2-1/2

[Event "FIDE WSTC Open 65 2025"]
[Site "Prague"]
[Date "2025.02.19"]
[Round "3.16"]
[White "Hohler, Peter"]
[Black "Westerinen, Heikki M.J."]
[Result "1/2-1/2"]
[Annotator "ChessBase"]
[ECO "E60"]
[WhiteElo "2045"]
[BlackElo "2213"]
[PlyCount "87"]
[EventDate "2025.02.17"]
[EventType "team-tourn"]
[EventCountry "CZE"]
[SourceTitle "playchess.com"]
[Source "ChessBase"]
[SourceQuality "1"]
[TimeControl "40/5400+30:1800+30"]

1. Nf3 Nf6 2. g3 g6 3. b3 Bg7 4. Bb2 O-O 5. Bg2 d6 6. d4 c5 7. c4 cxd4 8. Nxd4 Qb6 9. Nc3 Nc6 10. Na4 Qa5+ 11. Bc3 Qc7 12. O-O Bd7 13. Nb2 Nxd4 14. Bxd4 Bc6 15. e3 Bxg2 16. Kxg2 e5 17. Bc3 Qc6+ 18. Kg1 Ne4 19. Rc1 Rfd8 20. f3 Nxc3 21. Rxc3 d5 22. Rd3 e4 23. Rxd5 Rxd5 24. cxd5 Qc3 25. Rf2 Qxe3 26. Nc4 Qd4 27. Qe2 Qxd5 28. fxe4 Qe6 29. Qd3 Re8 30. Re2 b5 31. Nd2 a6 32. Nf3 Qe7 33. Kg2 Rd8 34. Qc2 h6 35. Qc6 Rd6 36. Qc8+ Kh7 37. Qc5 Qe6 38. Qe3 Rd1 39. Re1 Rd8 40. Re2 Rc8 41. Qd2 Qf6 42. Qf4 Qe6 43. Qd2 Qf6 44. Qf4 1/2-1/2

[Event "FIDE WSTC Open 65 2025"]
[Site "Prague"]
[Date "2025.02.19"]
[Round "3.17"]
[White "Littlewood, Paul E"]
[Black "Pribyl, Josef"]
[Result "1-0"]
[Annotator "RC"]
[ECO "B11"]
[WhiteElo "2309"]
[BlackElo "2184"]
[PlyCount "99"]
[EventDate "2025.02.17"]
[EventType "team-tourn"]
[EventCountry "CZE"]
[SourceTitle "playchess.com"]
[Source "ChessBase"]
[SourceQuality "1"]
[TimeControl "40/5400+30:1800+30"]

1. e4 c6 2. Nc3 d5 3. Nf3 Bg4 4. h3 Bxf3 5. Qxf3 Nf6 6. d3 e6 7. Be2 Bb4 8. Bd2 d4 9. Nb1 Bxd2+ 10. Nxd2 Qa5 11. Rd1 Nbd7 12. O-O O-O 13. Qg3 e5 14. Nc4 Qc7 15. f4 b5 16. Nxe5 Nxe5 17. fxe5 Nd7 18. c3 dxc3 19. bxc3 Qxe5 20. Qxe5 Nxe5 21. d4 Ng6 22. Rf5 Rad8 23. Rc5 Ne7 24. Bf3 f6 25. d5 cxd5 26. exd5 a6 27. d6 Ng6 28. Bd5+ Kh8 29. Bb7 Ne5 30. Bxa6 Ra8 31. Bxb5 Rxa2 32. Rc7 Raa8 33. c4 Rfb8 34. c5 Rxb5 35. d7 Rbb8 36. Ra7 Nxd7 37. Raxd7 h5 38. R1d5 Rb2 39. Rxh5+ Kg8 40. Rh4 Rc2 41. Rg4 g5 42. Rc7 Kf8 43. h4 Ra5 44. Rb4 Re2 45. h5 Re7 46. Rb8+ Kf7 47. Rxe7+ Kxe7 48. h6 g4 49. h7 g3 50. Kf1 1-0

[Event "FIDE WSTC Open 65 2025"]
[Site "Prague"]
[Date "2025.02.19"]
[Round "3.18"]
[White "Babula, Milan"]
[Black "Povah, Nigel E"]
[Result "1/2-1/2"]
[Annotator "ChessBase"]
[ECO "B50"]
[WhiteElo "2077"]
[BlackElo "2206"]
[PlyCount "92"]
[EventDate "2025.02.17"]
[EventType "team-tourn"]
[EventCountry "CZE"]
[SourceTitle "playchess.com"]
[Source "ChessBase"]
[SourceQuality "1"]
[TimeControl "40/5400+30:1800+30"]

1. e4 c5 2. Nf3 Nc6 3. b3 d6 4. Bb2 e5 5. Bc4 Be7 6. Nc3 a6 7. a4 Nf6 8. h3 O-O 9. O-O Ne8 10. Nd5 Rb8 11. c3 b5 12. axb5 axb5 13. Bd3 Nc7 14. Nxc7 Qxc7 15. Bc2 b4 16. Bd3 Be6 17. Bc4 Bxc4 18. bxc4 f5 19. Qe2 Qd7 20. d3 bxc3 21. Bxc3 Rb3 22. Rfc1 g6 23. Nd2 Rb7 24. Rcb1 Rxb1+ 25. Rxb1 Bg5 26. Nf3 Bh6 27. Rb6 Rb8 28. Rxb8+ Nxb8 29. exf5 Qxf5 30. g4 Qc8 31. Qe4 Qc6 32. Qxc6 Nxc6 33. g5 Bf8 34. Kf1 Kf7 35. Nd2 Be7 36. Ne4 Ke6 37. Ke2 Kf5 38. Kf3 Nd8 39. Bd2 Nc6 40. Be3 Nb4 41. Ng3+ Ke6 42. Ke2 Nc2 43. Ne4 Kf5 44. Ng3+ Ke6 45. Ne4 Kf5 46. Kf3 Ne1+ 1/2-1/2

[Event "FIDE WSTC Open 65 2025"]
[Site "Prague"]
[Date "2025.02.19"]
[Round "3.19"]
[White "Baker, Chris W"]
[Black "Vrana, Frantisek"]
[Result "1/2-1/2"]
[Annotator "ChessBase"]
[ECO "C41"]
[WhiteElo "2150"]
[BlackElo "2115"]
[PlyCount "33"]
[EventDate "2025.02.17"]
[EventType "team-tourn"]
[EventCountry "CZE"]
[SourceTitle "playchess.com"]
[Source "ChessBase"]
[SourceQuality "1"]
[TimeControl "40/5400+30:1800+30"]

1. d4 Nf6 2. Nf3 d6 3. Nc3 Nbd7 4. e4 e5 5. Be2 Be7 6. a4 c6 7. a5 O-O 8. O-O Qc7 9. Re1 Re8 10. h3 h6 11. Be3 Bf8 12. dxe5 dxe5 13. Ra4 Nc5 14. Rc4 Na6 15. Ra4 Nc5 16. Rc4 Na6 17. Ra4 1/2-1/2

[Event "FIDE WSTC Open 65 2025"]
[Site "Prague"]
[Date "2025.02.19"]
[Round "3.20"]
[White "Cesal, Jaroslav"]
[Black "Snape, Ian L"]
[Result "0-1"]
[Annotator "NA"]
[ECO "E62"]
[WhiteElo "2049"]
[BlackElo "2062"]
[PlyCount "74"]
[EventDate "2025.02.17"]
[EventType "team-tourn"]
[EventCountry "CZE"]
[SourceTitle "playchess.com"]
[Source "ChessBase"]
[SourceQuality "1"]
[TimeControl "40/5400+30:1800+30"]

1. d4 g6 2. Nf3 Bg7 3. c4 Nf6 4. g3 O-O 5. Bg2 d6 6. Nc3 Nc6 7. O-O Bg4 8. h3 Bxf3 9. Bxf3 Nd7 10. Bxc6 bxc6 11. e3 c5 12. b3 e6 13. Bb2 f5 14. Qd2 a6 15. dxc5 Nxc5 16. b4 Nd7 17. Rad1 Qc8 18. f4 Qb7 19. a3 Nb6 20. Qe2 Qc6 21. c5 dxc5 22. bxc5 Qxc5 23. Rc1 Qe7 24. a4 Qb4 25. Nd1 Bxb2 26. Nxb2 Nd5 27. Rc6 Rfe8 28. Rd1 Rab8 29. Rd2 a5 30. Rc4 Qb3 31. Nd1 Rb4 32. Rxb4 Qxb4 33. Rd4 Qb3 34. Kg2 Rd8 35. Kf2 c5 36. Rd2 Qb6 37. Nc3 Nxc3 0-1

[Event "FIDE WSTC Open 65 2025"]
[Site "Prague"]
[Date "2025.02.19"]
[Round "3.21"]
[White "Knaak, Rainer"]
[Black "Heinig, Wolfram"]
[Result "1-0"]
[Annotator "TA"]
[ECO "A90"]
[WhiteElo "2464"]
[BlackElo "2204"]
[PlyCount "108"]
[EventDate "2025.02.17"]
[EventType "team-tourn"]
[EventCountry "CZE"]
[SourceTitle "playchess.com"]
[Source "ChessBase"]
[SourceQuality "1"]
[TimeControl "40/5400+30:1800+30"]

1. d4 f5 2. g3 Nf6 3. Bg2 e6 4. Nf3 d5 5. O-O Bd6 6. c4 c6 7. b3 Qe7 8. Ne5 O-O 9. Qc2 b6 10. cxd5 {[%emt 0:02:18] A90: Dutch Defence: Miscellaneous and Modern Stonewall (with ...Bd6).} cxd5 11. Nc4 Qc7 12. Nba3 {[%emt 0:03:50] White has an edge.} Ba6 {[%emt 0:24:58] Repels Nb5} 13. Nxd6 Qxd6 14. Qb2 Nc6 15. Bf4 Qe7 16. Nb1 $146 ({Predecessor:} 16. Rfd1 Rac8 17. f3 Rfd8 18. Nb1 Nh5 19. Be3 e5 20. dxe5 d4 21. Bf2 Qxe5 22. f4 Qxe2 {½-½ Hoffman,A (2445)-Caruana Font de Mora,R (2345) Javea 1992 (7)}) 16... Rac8 17. a3 Ne4 18. f3 Nf6 {[%emt 0:01:34] Excellent horsemanship.} 19. Re1 Nh5 {[%emt 0:02:32] And now ...Nxf4 would win.} 20. Bd2 Qf6 (20... f4 $11 21. g4 Nf6) 21. Bc3 $1 $14 Qh6 22. e3 $1 Nf6 23. Nd2 Rf7 24. Rac1 Rfc7 25. Nb1 (25. a4 $142) 25... Na5 26. Bd2 {[%emt 0:03:50] The position is symmetric and equal} Rxc1 27. Rxc1 Rxc1+ 28. Bxc1 Qh5 29. Bd2 Nc6 30. Qc2 Qe8 31. Nc3 Qc8 32. Nd1 Ne7 33. Qxc8+ Nxc8 34. Nb2 Kf7 35. Kf2 Ke7 36. Ke1 Kd7 37. Bc3 g5 38. Kd2 g4 39. Nd3 Bxd3 40. Kxd3 gxf3 41. Bxf3 $11 {[%emt 0:30:06][%mdl 4096] Endgame KBB-KNN} Nd6 42. Be1 h5 43. Ke2 Ng4 44. h3 Nf6 45. Bg2 a5 46. Kf3 Kc6 47. Kf4 {[%emt 0:00:00] and Ke5 would now be decisive} Nf7 {[%emt 0:00:00] [#]} (47... Nde4 $16) 48. Bf3 $1 $18 Kd7 49. Be2 Kc6 50. b4 axb4 51. Bxb4 Kd7 {[%emt 0:05:28] Wards off Be7} 52. Bb5+ Kd8 {[%emt 0:00:01] [#]} 53. Bf8 (53. Bd3 $1 $18) 53... Nh7 $14 54. Bg7 Nhg5 $2 {[%emt 0:00:11][%mdl 8192] Weighted Error Value: White=0.12 (very precise) /Black=0.13 (very precise)   Loses game:     	---       	Black=1      Mistake:       	White=2     	Black=2      Inaccurate:     	White=3     	Black=5      OK:         	White=15    	Black=15     Best:        	---       	Black=1      Strong:       	White=3     	---} (54... Ke7 $16) 1-0

[Event "FIDE WSTC Open 65 2025"]
[Site "Prague"]
[Date "2025.02.19"]
[Round "3.22"]
[White "Volkmer, Andreas"]
[Black "Jussupow, Artur"]
[Result "0-1"]
[Annotator "TA"]
[ECO "C01"]
[WhiteElo "2173"]
[BlackElo "2559"]
[PlyCount "82"]
[EventDate "2025.02.17"]
[EventType "team-tourn"]
[EventCountry "CZE"]
[SourceTitle "playchess.com"]
[Source "ChessBase"]
[SourceQuality "1"]
[TimeControl "40/5400+30:1800+30"]

1. e4 e6 2. Nf3 d5 3. Nc3 Nf6 4. exd5 exd5 5. d4 Be7 6. Bd3 O-O {[%emt 0:25:36] C01: French: Exchange Variation.} 7. h3 c5 8. dxc5 Bxc5 {[%emt 0:00:00] The position is equal.} 9. O-O Nc6 10. Bg5 Be6 11. Qd2 Re8 12. Qf4 Be7 {[%emt 0:10:22] A sharp opening} 13. Nb5 $146 ({Predecessor:} 13. Qd2 h6 14. Be3 Bb4 15. a3 Ne4 16. Bxe4 Bxc3 17. Bh7+ Kxh7 18. Qxc3 Qd7 19. Rad1 {½-½ Huerga Leache,M (2448)-Del Rio de Angelis,S (2457) Basque-ch Getxo 2019 (6)}) 13... h6 14. Bxf6 Bxf6 15. c3 (15. Nc7 {with more complications.} Bxb2 16. Rab1 Be5 17. Nxe6 Bxf4 18. Nxd8 Nxd8 19. Rb5) 15... Qb8 16. Qxb8 Raxb8 17. Rfe1 Re7 18. Rac1 g6 19. Nfd4 a6 20. Nxe6 fxe6 21. Na3 Kf7 22. Nc2 b5 23. Kf1 a5 24. Rb1 b4 25. cxb4 axb4 26. a3 {[%emt 0:01:38] White is weak on the dark squares} b3 {[%emt 0:04:17] Black plays on the queen side and is better} 27. Ne3 Ne5 $36 {[%emt 0:00:06][%mdl 2048] Against Ng4. Black is more active.} 28. Be2 Rc7 29. f4 (29. Ng4 $15) 29... Nd7 $17 30. g4 (30. Ng4 $17) 30... Nc5 $19 31. f5 Ne4 (31... gxf5 32. gxf5 Bh4 33. Red1 $15 (33. fxe6+ Kxe6 34. Bg4+ Ke5 $17)) 32. fxe6+ Kxe6 {[%emt 0:00:01] Hoping for ...Nd2+.} 33. Kg2 {[%emt 0:00:46] [#]} (33. Bf3 $142 Nd2+ 34. Kg2 Nxf3 35. Kxf3) 33... Bg5 $2 (33... Bh4 $1 $19 34. Bd3 Bxe1 35. Rxe1 Re8) 34. Bd3 $11 Kd6 {[%emt 0:02:39] [#]} ({Better is} 34... Bxe3 $11 35. Rxe3 Ra8) 35. Nxd5 $2 {[%emt 0:00:41][%mdl 8192] Now White is beyond hope.} Rc2+ $19 36. Kf3 $2 ({Wrong is} 36. Kg1 $2 Nd2 37. Nc3 Nf3+ 38. Kf1 Nxe1 39. Rxe1 Rf8+ (39... Rxb2 $2 40. Bxg6 Rf8+ 41. Bf5 $19) 40. Kg1 Rxb2 41. Ne4+ Kd7 42. Nxg5 hxg5 43. Bxg6 Kc7 44. Rc1+ Kb6 $19) (36. Bxc2 bxc2 37. Rbc1 Bxc1 (37... Kxd5 38. Rxc2 Rb3 39. Rd1+ Ke5 40. Re2 $11) 38. Rxc1 Kxd5 (38... Rxb2 39. Nb4 $11) 39. Rxc2) 36... Nd2+ {[%emt 0:00:13] Black is clearly winning.} 37. Kg3 Nxb1 38. Nb4 Rc1 39. Rxc1 Bxc1 40. Bxb1 Bxb2 41. Bxg6 Bxa3 {[%emt 0:00:31] Weighted Error Value: White=0.31/Black=0.34  Loses game:     	White=1     	---        Missed win:     	---       	Black=1      Mistake:       	White=4     	Black=1      Inaccurate:     	White=1     	---        OK:         	White=14    	Black=15     Best:        	White=3     	Black=2} 0-1

[Event "FIDE WSTC Open 65 2025"]
[Site "Prague"]
[Date "2025.02.19"]
[Round "3.23"]
[White "Meister, Jakob"]
[Black "Schulz, Michael"]
[Result "1-0"]
[Annotator "RC"]
[ECO "A43"]
[WhiteElo "2418"]
[BlackElo "2115"]
[PlyCount "79"]
[EventDate "2025.02.17"]
[EventType "team-tourn"]
[EventCountry "CZE"]
[SourceTitle "playchess.com"]
[Source "ChessBase"]
[SourceQuality "1"]
[TimeControl "40/5400+30:1800+30"]

1. d4 c5 2. d5 Nf6 3. Nc3 e6 4. e4 d6 5. Bb5+ Bd7 6. a4 exd5 7. exd5 Be7 8. Nge2 O-O 9. Ng3 Re8 10. O-O Bxb5 11. axb5 Bf8 12. Bf4 Nbd7 13. h3 Nb6 14. Qf3 Qd7 15. b3 a6 16. bxa6 Rxa6 17. Rad1 Qc8 18. Nb5 Nbd7 19. c4 Ne5 20. Bxe5 Rxe5 21. Rfe1 Qe8 22. Qc3 Rxe1+ 23. Rxe1 Qd7 24. Qf3 Ra2 25. Nf5 Qd8 26. Qg3 Qa5 27. Nh6+ Kh8 28. Nxf7+ Kg8 29. Nh6+ Kh8 30. Re6 Rc2 31. Nf7+ Kg8 32. Nh6+ Kh8 33. Nf7+ Kg8 34. Nbxd6 Qa1+ 35. Kh2 g6 36. Qe5 Qxe5+ 37. Nxe5 Rxf2 38. Nxb7 Nh5 39. Nd3 Rc2 40. d6 1-0

[Event "FIDE WSTC Open 65 2025"]
[Site "Prague"]
[Date "2025.02.19"]
[Round "3.24"]
[White "Raitza, Olaf"]
[Black "Koehler, Gerhard"]
[Result "0-1"]
[Annotator "ChessBase"]
[ECO "B92"]
[WhiteElo "2037"]
[BlackElo "2215"]
[PlyCount "44"]
[EventDate "2025.02.17"]
[EventType "team-tourn"]
[EventCountry "CZE"]
[SourceTitle "playchess.com"]
[Source "ChessBase"]
[SourceQuality "1"]
[TimeControl "40/5400+30:1800+30"]

1. e4 c5 2. Nf3 d6 3. d4 cxd4 4. Nxd4 Nf6 5. Nc3 a6 6. Be2 e5 7. Nb3 Be7 8. O-O Be6 9. f4 b5 10. f5 Bd7 11. Be3 Bc6 12. Bf3 Nbd7 13. Qe1 O-O 14. Rd1 Rc8 15. a3 Ba8 16. g4 h6 17. Qf2 Rxc3 18. bxc3 Nxe4 19. Bxe4 Bxe4 20. Qd2 Ba8 21. h4 Nf6 22. Qe2 Ne4 0-1

[Event "FIDE WSTC Open 65 2025"]
[Site "Prague"]
[Date "2025.02.19"]
[Round "3.25"]
[White "Welling, Gerard"]
[Black "Ogaard, Leif"]
[Result "1/2-1/2"]
[Annotator "RC"]
[ECO "B40"]
[WhiteElo "2195"]
[BlackElo "2358"]
[PlyCount "113"]
[EventDate "2025.02.17"]
[EventType "team-tourn"]
[EventCountry "CZE"]
[SourceTitle "playchess.com"]
[Source "ChessBase"]
[SourceQuality "1"]
[TimeControl "40/5400+30:1800+30"]

1. e4 c5 2. Nf3 e6 3. d3 Nc6 4. g3 Nf6 5. Bg2 Be7 6. O-O O-O 7. Qe2 d6 8. c3 Bd7 9. d4 cxd4 10. cxd4 d5 11. e5 Ne4 12. Nc3 Nxc3 13. bxc3 Rc8 14. h4 Na5 15. Qd3 a6 16. Ng5 g6 17. Re1 Qc7 18. Re3 Qc4 19. Qd1 Qa4 20. Qxa4 Bxa4 21. Bf1 Nc4 22. Bxc4 Rxc4 23. Nf3 Rfc8 24. Bb2 Bb5 25. Nd2 Ra4 26. a3 Rc6 27. f4 h5 28. Kf2 Rb6 29. Ke1 Bc4 30. Bc1 Rb5 31. Kd1 Kf8 32. Kc2 Ke8 33. Re1 Kd7 34. Bb2 Kc6 35. Re3 Rba5 36. Nb3 Bxb3+ 37. Kxb3 Rb5+ 38. Kc2 Rb6 39. Ree1 Kb5 40. Reb1 Kc4 41. Bc1 Rxb1 42. Rxb1 b5 43. Rb3 a5 44. Bb2 b4 45. cxb4 axb4 46. axb4 Bxb4 47. Rf3 Ra7 48. Re3 Rc7 49. Rf3 Kb5+ 50. Kb3 Rc4 51. Rf1 Ba5 52. Rd1 Rb4+ 53. Kc3 Ra4+ 54. Kb3 Rc4 55. Rd3 Rb4+ 56. Kc2 Rc4+ 57. Kb3 1/2-1/2

[Event "FIDE WSTC Open 65 2025"]
[Site "Prague"]
[Date "2025.02.19"]
[Round "3.26"]
[White "Heim, Sverre"]
[Black "Prakken, Gerrit"]
[Result "1/2-1/2"]
[Annotator "RC"]
[ECO "E06"]
[WhiteElo "2312"]
[BlackElo "2155"]
[PlyCount "33"]
[EventDate "2025.02.17"]
[EventType "team-tourn"]
[EventCountry "CZE"]
[SourceTitle "playchess.com"]
[Source "ChessBase"]
[SourceQuality "1"]
[TimeControl "40/5400+30:1800+30"]

1. d4 d5 2. Nf3 e6 3. g3 Nf6 4. Bg2 Be7 5. c4 O-O 6. O-O c6 7. Qc2 b6 8. Nbd2 Bb7 9. e4 Na6 10. a3 c5 11. exd5 exd5 12. dxc5 Nxc5 13. b4 Ne6 14. cxd5 Bxd5 15. Bb2 Qc8 16. Qxc8 Rfxc8 17. Rfc1 1/2-1/2

[Event "FIDE WSTC Open 65 2025"]
[Site "Prague"]
[Date "2025.02.19"]
[Round "3.27"]
[White "Van Egmond, Rogier"]
[Black "Moen, Ole Christian"]
[Result "1/2-1/2"]
[Annotator "ChessBase"]
[ECO "D02"]
[WhiteElo "2057"]
[BlackElo "2201"]
[PlyCount "121"]
[EventDate "2025.02.17"]
[EventType "team-tourn"]
[EventCountry "CZE"]
[SourceTitle "playchess.com"]
[Source "ChessBase"]
[SourceQuality "1"]
[TimeControl "40/5400+30:1800+30"]

1. d4 Nf6 2. Nf3 g6 3. g3 Bg7 4. Bg2 O-O 5. O-O d5 6. Bf4 c5 7. dxc5 Ne4 8. Be5 f6 9. Bxb8 Rxb8 10. Ne1 f5 11. c3 a5 12. Nd3 e6 13. Qb3 Qc7 14. Qa3 Bd7 15. f3 Nf6 16. Nd2 Rfc8 17. Rab1 Bh6 18. f4 Ne4 19. Bxe4 dxe4 20. Ne5 Bf8 21. b4 Bb5 22. Qb3 Bxe2 23. Qxe6+ Kg7 24. Rfe1 Bb5 25. Ndc4 Bxc4 26. Nxc4 axb4 27. cxb4 Re8 28. Qb6 Qxb6 29. Nxb6 Rbd8 30. Rbd1 Kf7 31. Kf2 Bg7 32. Nc4 Bf8 33. Ke2 Ke6 34. Rxd8 Rxd8 35. Rd1 Rxd1 36. Kxd1 Kd5 37. Ne5 Bg7 38. Nf7 Bc3 39. a3 Bb2 40. a4 Ba3 41. Nd8 Bxb4 42. Nxb7 Bxc5 43. Ke2 Be7 44. h3 Bd6 45. h4 Bc7 46. a5 Kc6 47. a6 Bb6 48. Ke1 Kb5 49. h5 Kxa6 50. hxg6 hxg6 51. Nd6 Bd4 52. Ke2 Kb6 53. Nc8+ Kc6 54. Ne7+ Kd6 55. Nxg6 Bf6 56. Ke3 Kd5 57. Nf8 Bd4+ 58. Ke2 Bb6 59. Ng6 Bd8 60. Ne5 Bf6 61. Nf3 1/2-1/2

[Event "FIDE WSTC Open 65 2025"]
[Site "Prague"]
[Date "2025.02.19"]
[Round "3.28"]
[White "Bjerke, Richard"]
[Black "Baarslag, Ed"]
[Result "1/2-1/2"]
[Annotator "NA"]
[ECO "D35"]
[WhiteElo "2037"]
[BlackElo "2005"]
[PlyCount "53"]
[EventDate "2025.02.17"]
[EventType "team-tourn"]
[EventCountry "CZE"]
[SourceTitle "playchess.com"]
[Source "ChessBase"]
[SourceQuality "1"]
[TimeControl "40/5400+30:1800+30"]

1. d4 Nf6 2. c4 e6 3. Nc3 d5 4. cxd5 exd5 5. Bg5 c6 6. e3 Bd6 7. Bd3 O-O 8. Nge2 Re8 9. Qc2 h6 10. Bh4 Na6 11. a3 Nc7 12. Bg3 Ne6 13. O-O Ng5 14. Bxd6 Qxd6 15. Ng3 Qe7 16. Rae1 Nge4 17. Nge2 Bf5 18. f3 Nxc3 19. Nxc3 Bxd3 20. Qxd3 Rad8 21. b4 a6 22. Na4 Rd6 23. Nc5 b6 24. Na4 Qa7 25. Nc3 c5 26. b5 a5 27. a4 1/2-1/2

[Event "FIDE WSTC Open 65 2025"]
[Site "Prague"]
[Date "2025.02.19"]
[Round "3.29"]
[White "Vinke, Dietmar"]
[Black "Jansa, Vlastimil"]
[Result "0-1"]
[Annotator "RC"]
[ECO "D77"]
[WhiteElo "2087"]
[BlackElo "2267"]
[PlyCount "53"]
[EventDate "2025.02.17"]
[EventType "team-tourn"]
[EventCountry "CZE"]
[SourceTitle "playchess.com"]
[Source "ChessBase"]
[SourceQuality "1"]
[TimeControl "40/5400+30:1800+30"]

1. d4 Nf6 2. Nf3 g6 3. g3 Bg7 4. Bg2 O-O 5. O-O d5 6. c4 dxc4 7. Na3 Nc6 8. Nxc4 Be6 9. b3 Bd5 10. Bb2 a5 11. Rc1 a4 12. Ne3 Be4 13. bxa4 Bh6 14. Rc3 Nb4 15. Nh4 Bxg2 16. Nhxg2 Qd7 17. Ra3 Ra6 18. Qb3 Nbd5 19. Nc4 c6 20. a5 Ne4 21. Qd3 f5 22. f3 Nd6 23. Ne5 Qe6 24. e3 Nf7 25. Nxf7 Qxf7 26. Rb1 Nb4 27. Bc3 0-1